 Dungeon Crawl Stone Soup version 0.24.0-125-gc4c63601f3 (webtiles) character file.

Game seed: 477921154320013987, levelgen mode: deterministic

175 shakethe the Skirmisher (level 5, -2/42 HPs)
             Began as a Demonspawn Gladiator on Mar 17, 2020.
             Was a Follower of Makhleb.
             Slain by a hobgoblin
             ... wielding a +0 club
              (5 damage)
             ... on level 3 of the Dungeon.
             The game lasted 00:04:05 (1570 turns).

shakethe the Skirmisher (Demonspawn Gladiator)      Turns: 1570, Time: 00:04:05

Health: -2/42      AC:  5    Str: 16    XL:     5   Next: 29%
Magic:  5/5        EV: 10    Int:  9    God:    Makhleb [*.....]
Gold:   62         SH:  8    Dex: 14    Spells: 4/4 levels left

rFire    . . .     SeeInvis .   a - +0 long sword
rCold    . . .     Gourm    .   q - +0 shield
rNeg     . . .     Faith    .   b - +0 leather armour
rPois    .         Spirit   .   c - +0 helmet
rElec    .         Reflect  .   (no cloak)
rCorr    .         Harm     .   (no gloves)
MR       .....                  p - +0 pair of boots {Stlth+}
Stlth    ++........             (no amulet)
HPRegen  0.14/turn              (no ring)
MPRegen  0.09/turn              (no ring)

@: no status effects
A: hooves 2
a: Renounce Religion


You were on level 3 of the Dungeon.
You worshipped Makhleb.
Makhleb was aware of your devotion.
You were hungry.

You visited 1 branch of the dungeon, and saw 3 of its levels.

You collected 62 gold pieces.

Inventory:

Hand Weapons
 a - a +0 long sword (weapon)
Missiles
 d - 3 throwing nets (quivered)
Armour
 b - a +0 leather armour (worn)
 c - a +0 helmet (worn)
 p - a +0 pair of boots of stealth (worn)
 q - a +0 shield (worn)
Scrolls
 e - 2 scrolls of identify {unknown}
 i - 2 scrolls of magic mapping {unknown}
 l - 2 scrolls of teleportation {unknown}
 m - 3 scrolls of remove curse {unknown}
 n - a scroll of blinking {unknown}
 o - a scroll of random uselessness {unknown}
 s - a scroll of fog {unknown}
Potions
 g - a potion of curing {unknown}
 h - 2 potions of haste {unknown}
 j - a potion of magic {unknown}
 k - a potion of might {unknown}
 r - 2 potions of resistance {unknown}
 t - 2 potions of heal wounds {unknown}
Comestibles
 f - 3 rations


   Skills:
 * Level 4.0 Fighting
 + Level 3.4 Long Blades
 - Level 1.7 Throwing
 + Level 3.5 Dodging
 + Level 1.1 Shields


You had 4 spell levels left.
You didn't know any spells.
Your spell library was empty.

Dungeon Overview and Level Annotations

Branches:
Dungeon (3/15)

Altars:
Makhleb
Zin
The Shining One


Innate Abilities, Weirdness & Mutations

You have hoof-like feet.


Message History

Things that are here:
a +0 whip; a frilled lizard corpse You slash the dart slug!
The dart slug is heavily wounded.
The dart slug bites you.
* * * LOW HITPOINT WARNING * * *
The hobgoblin hits you but does no damage.
You slash the dart slug!
You kill the dart slug!
Makhleb accepts your kill. You block the hobgoblin's attack.
You barely miss the hobgoblin. The hobgoblin hits you with a +0 club.
* * * LOW HITPOINT WARNING * * *
You closely miss the hobgoblin. You block the hobgoblin's attack. x2
Your shield and leather armour prevent you from hitting the hobgoblin.
The hobgoblin closely misses you.
You closely miss the hobgoblin.
A hobgoblin comes into view. It is wielding a +0 club.
The hobgoblin hits you with a +0 club.
You die...

##. ##. .. ..#
#.##.. ....### .
.....###..#
##.###.........##
................#
#@........#
#g#.####..#
#)#.##....#
#$#.##.#..#
#.g.).....#
###.##.#.#######
...##.#......<#
######.#######.#
#.# #.#


You could see 2 hobgoblins.

Vanquished Creatures
  Jessica (D:2)
  Terence (D:2)
  A gnoll (D:1)
  4 adders
  An ooze (D:1)
  3 dart slugs
  A leopard gecko (D:2)
  8 bats
  5 giant cockroaches
  10 goblins
  6 hobgoblins
  8 jackals
  6 kobolds
  3 frilled lizards
  11 rats
69 creatures vanquished.

Notes
Turn   | Place    | Note
-------+----------+-------------------------------------------
     0 | D:1      | shakethe the Demonspawn Gladiator began the quest for the
                  | Orb.
     0 | D:1      | Reached XP level 1. HP: 16/16 MP: 1/1
    92 | D:1      | Gained mutation: You have large cloven feet. [demonic
                  | ancestry]
    92 | D:1      | Reached XP level 2. HP: 21/23 MP: 2/2
   340 | D:1      | Reached XP level 3. HP: 20/28 MP: 3/3
   443 | D:1      | Reached skill level 3 in Fighting
   636 | D:2      | Noticed Terence
   645 | D:2      | Killed Terence
   645 | D:2      | Reached XP level 4. HP: 18/35 MP: 4/4
   719 | D:2      | Noticed Jessica
   730 | D:2      | Killed Jessica
   987 | D:2      | Found a glowing golden altar of the Shining One.
  1158 | D:2      | Noticed an Executioner
  1162 | D:2      | Found a burning altar of Makhleb.
  1167 | D:2      | Found a glowing silver altar of Zin.
  1168 | D:2      | Noticed an angel
  1213 | D:2      | Became a worshipper of Makhleb the Destroyer
  1308 | D:2      | Gained mutation: You have hoof-like feet. [demonic
                  | ancestry]
  1308 | D:2      | Reached XP level 5. HP: 31/42 MP: 5/5
  1525 | D:3      | Reached skill level 1 in Shields
  1539 | D:3      | Reached skill level 4 in Fighting
  1561 | D:3      | Reached * piety under Makhleb
  1567 | D:3      | HP: 2/42 [hobgoblin/+0 club (2)]
  1570 | D:3      | Slain by a hobgoblin

Levels and vault maps discovered:
D:1:      dpeg_arrival_prison, layout_loops_ring
D:2:      layout_loops_cross, grunt_temple_overflow_order_and_chaos_2,
          tso_altar, minmay_misc_feat_four_crosses, nicolae_underground_beach,
          uniq_terence, uniq_jessica
D:3:      layout_loops_ring, lemuel_zombie_altar_yredelemnul,
          nicolae_overflow_hidden_temple, nicolae_ru_sacrificial_ziggurat,
          nicolae_gozag_seed_capital, lemuel_doored_altar, eino_tiny_chamber,
          dk_xom_monty_hall

Skill      XL: |  1  2  3  4  5 |
---------------+----------------+-----
Long Blades    | 3 |  3.4
Dodging        | 3 |  3.5
Fighting       | 3 4 |  4.0
Shields        | 1 |  1.1
Throwing       | |  1.7

Action                   |  1- 3 |  4- 6 || total
-------------------------+-------+-------++-------
Melee: Long sword        |    77 |   101 ||   178
       Kick              |    18 |    10 ||    28
 Stab: Sleeping          |     1 |     2 ||     3
  Eat: Chunk             |       |     2 ||     2
Armor: Leather armour    |    29 |    29 ||    58
Dodge: Dodged            |    59 |    52 ||   111
Block: Shield            |       |    51 ||    51
       Rpst.: Long sword |    14 |    13 ||    27
